 Dungeon Crawl Stone Soup version 0.30-a0-576-g89cddaab80 (webtiles) character file.

Game seed: 13095759034360397254

579 wormed the Covered (level 7, -1/63 HPs)
             Began as an Armataur Fighter on Dec 31, 2022.
             Was a Follower of Okawaru.
             Slain by an ogre
             ... wielding a +0 giant club
              (21 damage)
             ... on level 4 of the Dungeon.
             The game lasted 00:04:48 (3477 turns).

wormed the Covered (Armataur Fighter)               Turns: 3477, Time: 00:04:49

Health: -1/63      AC:  7    Str: 24    XL:     7   Next: 13%
Magic:  7/7        EV:  7    Int:  8    God:    Okawaru [*.....]
Gold:   320        SH:  6    Dex:  9    Spells: 6/6 levels left

rFire   . . .      SeeInvis .    f - +2 dagger (speed)
rCold   . . .      Faith    .    m - +2 buckler
rNeg    . . .      Spirit   .    b - +0 scale mail
rPois   .          Reflect  .    (no helmet)
rElec   .          Harm     .    (no cloak)
rCorr   .          Roll     +    (no gloves)
Will    .....                    (no barding) Stlth
                                 o - amulet of regeneration
HPRegen 1.10/turn                (no ring)
MPRegen 0.10/turn                (no ring)

@: no status effects
A: large, rugged brown scales 3, deformed body, armoured tail, roll, long
tongue, awkward tongue
a: Renounce Religion, Heroism


You were on level 4 of the Dungeon.
You worshipped Okawaru.
Okawaru was aware of your devotion.
You visited 2 branches of the dungeon, and saw 6 of its levels.

You collected 320 gold pieces.

Inventory:

Hand Weapons
 a - a +0 flail
 f - a +2 dagger of speed (weapon)
Missiles
 p - 5 curare-tipped darts
 s - 3 poisoned darts
 t - 2 datura-tipped darts (quivered)
Armour
 b - a +0 scale mail (worn)
 m - a +2 buckler (worn)
Jewellery
 o - an amulet of regeneration (around neck)
Wands
 u - a wand of flame (11)
Scrolls
 e - 2 scrolls of poison {unknown}
 g - 2 scrolls of amnesia {unknown}
 h - a scroll of noise {unknown}
 j - a scroll of enchant weapon {unknown}
 k - a scroll of silence {unknown}
 l - a scroll of immolation {unknown}
 w - 2 scrolls of blinking {unknown}
 x - a scroll of identify {unknown}
 y - a scroll of teleportation {unknown}
 A - a scroll of fog {unknown}
Potions
 i - 3 potions of curing {unknown}
 n - 2 potions of attraction {unknown}
 q - a potion of degeneration {unknown}
 r - a potion of magic {unknown}
 v - 2 potions of flight {unknown}
 z - a potion of brilliance {unknown}
 B - a potion of heal wounds


   Skills:
 + Level 4.1 Fighting
 * Level 4.6 Maces & Flails
 + Level 5.5 Armour
 + Level 4.9 Shields


You had 6 spell levels left.
You didn't know any spells.
Your spell library contained the following spells:

 Spells                   Type           Power      Damage    Failure   Level
 Apportation              Tloc           0%         N/A       77%         1
 Magic Dart               Conj           0%         1d3       77%         1
 Necrotise                Necr           0%         1d4       77%         1
 Mephitic Cloud           Conj/Pois/Air  0%         N/A       98%         3
 Portal Projectile        Hex/Tloc       0%         N/A       98%         3
 Blade Hands              Tmut           0%         N/A       100%        5
 Summon Small Mammal      Summ           Unusable   N/A       N/A         1
 Call Imp                 Summ           Unusable   N/A       N/A         2
 Tukima's Dance           Hex            Unusable   N/A       N/A         3

Dungeon Overview and Level Annotations

Branches:
Dungeon (5/15)             Temple (1/1) D:4

Altars:
Cheibriados
Dithmenos
Elyvilon
Fedhas
Gozag
Hepliaklqana
Kikubaaqudgha
Makhleb
Nemelex Xobeh
Okawaru
Qazlal
Sif Muna
Wu Jian
Xom
Zin


Innate Abilities, Weirdness & Mutations

You are completely covered in rugged brown scales. (AC +3, +7% HP)
Armour fits poorly on your strangely shaped body.
You have a long armoured tail.
You roll when moving toward enemies. (Rampage)
Your long tongue fully drains potion bottles. (2x potion effects)
Your tongue gives you trouble enunciating. (1.5x scroll delay)


Message History

Okawaru is honoured by your kill.
You can now gain great but temporary skills.
Your Fighting skill increases to level 4!
You have reached level 7!
You start resting.
HP restored.
You start waiting.
You feel a little less mighty now.
There is a stone staircase leading down here.
You climb downwards.
There is a stone staircase leading up here.
Done exploring.
You drop a +0 buckler.
An ogre is nearby!
Throw: 5 darts (datura)
Press: ? - help, Q - select action, (/) - cycle Shift-Dir - straight line, f - ogre
Aim: an ogre, wielding a +0 giant club (wandering, hasn't noticed you, 72% to hit, chance to frenzy on hit: 27%)
You throw a datura-tipped dart. The datura-tipped dart hits the ogre.
The ogre resists.
The ogre shouts!
Throw: 4 darts (datura)
Press: ? - help, Q - select action, (/) - cycle Shift-Dir - straight line, f/p - ogre
Aim: an ogre, wielding a +0 giant club (72% to hit, chance to frenzy on hit: 27%)
You throw a datura-tipped dart. The datura-tipped dart hits the ogre.
The ogre resists.
Throw: 3 darts (datura)
Press: ? - help, Q - select action, (/) - cycle Shift-Dir - straight line, f/p - ogre
Aim: an ogre, wielding a +0 giant club (72% to hit, chance to frenzy on hit: 27%)
You throw a datura-tipped dart. The datura-tipped dart hits the ogre.
The ogre flies into a frenzy!
The ogre hits you with a +0 giant club!!
Ouch! That really hurt!
The ogre attacks as you move away! The ogre closely misses you.
The ogre shouts!
The ogre attacks as you move away! The ogre hits you with a +0 giant club!
* * * LOW HITPOINT WARNING * * *
The ogre shouts!
The ogre attacks as you move away! You block the ogre's attack.
The ogre hits you with a +0 giant club!!
You die...

...#.##.##................#......
####.####.<...............##..###
# #_# #.#######(..######.##..###
###### #.# #.(...# #)##.....
#.#2# #.# #.....# #.##.####
##.#####.# #.....# #.##.#
.........# ##...## #.##.#
###.#.#### #O..# #....# ......#
####@..#########.#### .##.###
#....#.......# #..... ###.#
#.........##.# #..... ###.#
###..##.#.#.##.########
....#######.#..##.#.#......#
#####.............#.####.#.#
#.###.#.#..##.#.####.#.####
#.###>#.#..##.#..........>#
#.##....#.......###.##.##.#


You could see a neutral ogre (fast, strong, insane).

Vanquished Creatures
  A yak (D:3)
  A water moccasin (D:5)
  A phantom (D:4)
  A jelly (D:3)
  Natasha (thrice) (D:2)
  7 adders
  3 worms
  2 orcs
  5 endoplasms
  5 giant cockroaches
  9 goblins
  6 hobgoblins
  A quokka (D:1)
  4 ball pythons
  5 bats
  3 frilled lizards (D:1)
  8 kobolds
  5 rats
70 creatures vanquished.

Vanquished Creatures (others)
  A fungus (D:5)
1 creature vanquished.

Grand Total: 71 creatures vanquished

Notes
Turn   | Place    | Note
-------+----------+-------------------------------------------
     0 | D:1      | wormed the Armataur Fighter began the quest for the Orb.
     0 | D:1      | Reached XP level 1. HP: 19/19 MP: 1/1
   165 | D:1      | Reached XP level 2. HP: 25/26 MP: 2/2
   438 | D:1      | Found a faded altar of an unknown god.
   600 | D:1      | Reached skill level 4 in Armour
   648 | D:2      | Reached XP level 3. HP: 33/33 MP: 3/3
   960 | D:2      | Noticed Natasha
   974 | D:2      | Killed Natasha
   975 | D:2      | Reached XP level 4. HP: 34/40 MP: 4/4
  1362 | D:2      | Noticed Natasha
  1377 | D:2      | Killed Natasha
  1472 | D:2      | Noticed Natasha
  1487 | D:2      | Killed Natasha
  1488 | D:2      | Reached XP level 5. HP: 25/48 MP: 5/5
  2565 | D:4      | Found a staircase to the Ecumenical Temple.
  2593 | Temple   | Entered the Ecumenical Temple
  2677 | Temple   | Became a worshipper of Warmaster Okawaru
  2710 | D:4      | Found an opulent altar of Gozag.
  2931 | D:4      | Found a glowing silver altar of Zin.
  2935 | D:4      | Noticed a phantom
  2963 | D:4      | Killed a phantom
  2964 | D:4      | Reached skill level 5 in Armour
  2964 | D:4      | Reached XP level 6. HP: 55/55 MP: 6/6
  3027 | D:4      | Found a burning altar of Makhleb.
  3029 | D:4      | Noticed a green death
  3170 | D:5      | Entered Level 5 of the Dungeon
  3211 | D:5      | Noticed a water moccasin
  3246 | D:5      | Killed a water moccasin
  3295 | D:5      | Noticed a yak
  3295 | D:5      | Noticed a yak
  3365 | D:3      | Killed a yak
  3365 | D:3      | Reached * piety under Okawaru
  3366 | D:3      | Reached XP level 7. HP: 14/63 MP: 7/7
  3477 | D:4      | Slain by an ogre

Illustrated notes

Levels and vault maps discovered:
D:1:      matt_arrival_grand_opening, layout_rooms,
          shapermc_ecumenical_altar_mp_highgroup
D:2:      layout_loops_ring, uniq_natasha
D:3:      layout_loops_corners, kennysheep_nondescript
D:4:      layout_loops_cross, nicolae_gozag_seed_capital,
          makhleb_altar_promises_db, old_standard_altar,
          minmay_temple_entry_statues_fountains
D:5:      layout_rooms, kennysheep_mini, corexii_item_surrounded_by_moat,
          minmay_gold_behind_fungi, chequers_serial_rivers_room_a,
          minmay_manual_maat, uniq_duvessa, uniq_edmund
Temple:   dshaligram_water_room_temple

Skill      XL: |  1  2  3  4  5  6 |
---------------+-------------------+-----
Maces & Flails | 2 3 4 |  4.6
Armour         | 4 5 |  5.5
Fighting       | 3 4 |  4.1
Shields        | 4 |  4.9

Action                   |  1- 3 |  4- 6 |  7- 9 || total
-------------------------+-------+-------+-------++-------
Melee: Flail             |    49 |       |       ||    49
       Tailslap          |    12 |    40 |       ||    52
       Dagger            |    75 |   267 |       ||   342
Throw: Dart              |       |       |     3 ||     3
  Use: Potion            |       |     1 |       ||     1
Armor: Scale mail        |    53 |    63 |       ||   116
Dodge: Dodged            |    40 |    32 |     1 ||    73
Block: Buckler           |    17 |    59 |     1 ||    77

Table legend: (Time is in decaauts)
 A = Elapsed time spent in this place.
 B = Non-inter-level travel time spent in this place.
 C = Inter-level travel time spent in this place.
 D = Time resting spent in this place.
 E = Time spent auto-exploring this place.
 F = Levels seen in this place.
 G = Mean time per level.
                   A        B        C        D        E       F      G
               +--------+--------+--------+--------+--------+-----+--------+
         Total |   3376 |   3162 |    214 |     75 |   2392 |   6 |  562.7 |
       Dungeon |   3272 |   3077 |    195 |     75 |   2346 |   5 |  654.4 |
        Temple |    104 |     85 |     19 |      0 |     46 |   1 |  104.0 |
               +--------+--------+--------+--------+--------+-----+--------+

Top non-repeatable levels by time:
     D:3: 1039 daAuts
     D:2: 776 daAuts
     D:4: 675 daAuts
     D:1: 641 daAuts
     D:5: 139 daAuts
  Temple: 104 daAuts
